 Dungeon Crawl Stone Soup version 0.28-a0-655-g4eb62b627b (webtiles) character file.

Game seed: 3508867794338401136

1178 ytrimaz the Cleaver (level 8, -13/71 HPs)
             Began as a Minotaur Berserker on Oct 12, 2021.
             Was a Believer of Trog.
             Mangled by an orc warrior (30 damage)
             ... on level 6 of the Dungeon.
             The game lasted 00:07:01 (5776 turns).

ytrimaz the Cleaver (Minotaur Berserker)            Turns: 5776, Time: 00:07:02

Health: -13/71     AC:  9    Str: 25    XL:     8   Next: 18%
Magic:  7/7        EV: 12    Int:  4    God:    Trog [**....]
Gold:   191        SH:  0    Dex:  9    Spells: 7/7 levels left

rFire   . . .      SeeInvis .   q - +0 war axe
rCold   . . .      Faith    .   (no shield)
rNeg    . . .      Spirit   .   d - +0 ring mail
rPois   .          Reflect  .   (helmet restricted)
rElec   .          Harm     .   f - +0 cloak
rCorr   .          Rampage  .   c - +1 pair of gloves
Will    +....                   (no boots)
Stlth   ..........              (no amulet)
HPRegen 0.21/turn               m - ring of willpower
MPRegen 0.10/turn               (no ring)

@: no status effects
A: horns 2, retaliatory headbutt
a: Renounce Religion, Berserk, Trog's Hand


You were on level 6 of the Dungeon.
You worshipped Trog.
Trog was pleased with you.
You visited 1 branch of the dungeon, and saw 6 of its levels.

You collected 191 gold pieces.

Inventory:

Hand Weapons
 a - a +1 hand axe
 q - a +0 war axe (weapon)
Armour
 c - a +1 pair of gloves (worn)
 d - a +0 ring mail (worn)
 f - a +0 cloak (worn)
 g - a scarf of invisibility
Jewellery
 m - a ring of willpower (left hand)
Scrolls
 j - a scroll of blinking
 l - a scroll of teleportation
Potions
 b - 2 potions of haste
 e - 2 potions of attraction
 h - a potion of lignification
 i - a potion of flight {unknown}
 k - 2 potions of cancellation
 n - a potion of berserk rage {unknown}
 o - a potion of curing {unknown}
 s - 3 potions of might
 t - 4 potions of ambrosia {unknown}


   Skills:
 * Level 6.7 Fighting
 * Level 8.7 Axes
 + Level 5.6 Armour
 + Level 4.2 Dodging


You had 7 spell levels left.
You didn't know any spells.
Your spell library was empty.

Dungeon Overview and Level Annotations

Branches:
Dungeon (6/15)             Temple (0/1) D:5

Altars:
Hepliaklqana
Okawaru


Innate Abilities, Weirdness & Mutations

You have a pair of horns on your head.
You reflexively headbutt those who attack you in melee.


Message History

The orc warrior hits you with a +0 flail!
You closely miss the orc warrior.
The orc warrior is moderately wounded.
The orc warrior closely misses you.
You barely miss the orc warrior. Your headbutt misses the orc warrior.
The orc warrior is moderately wounded.
The orc warrior misses you.
You barely miss the orc warrior.
The orc warrior is moderately wounded.
The orc warrior barely misses you.
Unknown command.
You hit the orc warrior. Your headbutt misses the orc warrior.
The orc warrior is moderately wounded.
The orc warrior hits you but does no damage.
You closely miss the orc warrior.
You headbutt the orc warrior, but do no damage.
The orc warrior is moderately wounded.
The orc warrior closely misses you.
The orc warrior hits you with a +0 flail!
Unknown command.
You hit the orc warrior.
The orc warrior is moderately wounded.
The orc warrior hits you with a +0 flail.
You barely miss the orc warrior.
The orc warrior is moderately wounded.
The orc warrior barely misses you. You furiously retaliate!
You headbutt the orc warrior, but do no damage.
You slash the orc warrior!
The orc warrior is severely wounded.
The orc warrior hits you with a +0 flail.
Unknown command.
You slash the orc warrior!
The orc warrior is almost dead.
The orc warrior hits you with a +0 flail!!
* * * LOW HITPOINT WARNING * * *
You hit the orc warrior.
You headbutt the orc warrior, but do no damage.
The orc warrior is almost dead.
The orc warrior hits you with a +0 flail!!
You die...

*,,,,,,,* ###
*.....,,***##..
######.....,,,,,#..(
##..........,,,,,....
##...........,,***....
#............,,***....
#..........#***,,,....
#....o)....# *,**#...
#....@)..:.# **,,,....
#..........#**,,**#...
##........##*,,,* #...
#..........#>,*,* ####
#.........)#,,,,* #
#..........#,**** #
#.###'###..#** #
#.#.....#..# #
###.#.#.#..# #


You could see an orc warrior (strong).

Vanquished Creatures
  Sigmund (D:3)
  A black bear (D:4)
  A necrophage (D:4)
  3 centaurs
  3 wights (D:6)
  A howler monkey (D:6)
  A jelly (D:6)
  2 hounds
  A centaur skeleton (D:5)
  A bullfrog skeleton (D:6)
  2 orc priests (D:6)
  An iguana (D:4)
  An orc wizard (D:6)
  A hound skeleton (D:4)
  7 adders
  A howler monkey skeleton (D:4)
  A white imp (D:6)
  An ufetubus (D:5)
  A worm (D:4)
  4 dart slugs
  12 orcs
  7 bats
  2 endoplasms
  A giant cockroach (D:1)
  6 goblins
  2 hobgoblins (D:3)
  4 jackals (D:4)
  3 quokkas
  5 ball pythons
  A frilled lizard (D:3)
  6 kobolds
  3 rats (D:3)
  A spectral orc (D:4)
88 creatures vanquished.

Notes
Turn   | Place    | Note
-------+----------+-------------------------------------------
     0 | D:1      | ytrimaz the Minotaur Berserker began the quest for the Orb.
     0 | D:1      | Reached XP level 1. HP: 19/19 MP: 0/0
   368 | D:1      | Reached XP level 2. HP: 19/27 MP: 1/1
   522 | D:1      | Found a faded altar of an unknown god.
   828 | D:2      | Reached skill level 4 in Axes
  1078 | D:2      | Reached XP level 3. HP: 33/33 MP: 2/2
  1829 | D:3      | Noticed Sigmund
  1841 | D:3      | Killed Sigmund
  1842 | D:3      | Reached skill level 5 in Fighting
  1842 | D:3      | Reached skill level 5 in Axes
  1842 | D:3      | Reached XP level 4. HP: 29/42 MP: 3/3
  1842 | D:3      | Reached XP level 5. HP: 33/48 MP: 4/4
  2208 | D:3      | Reached ** piety under Trog
  2444 | D:3      | You fall into a shaft and drop 1 floor!
  2543 | D:4      | Identified the +9 hunting sling "Tuyfil" {freeze, +Blink
                  | rF- MP+9}
  2774 | D:4      | Reached skill level 6 in Axes
  2778 | D:4      | Reached XP level 6. HP: 36/56 MP: 5/5
  2919 | D:4      | Found a hazy altar of Hepliaklqana.
  3392 | D:4      | Reached skill level 7 in Axes
  3726 | D:5      | Entered Level 5 of the Dungeon
  3732 | D:5      | Reached XP level 7. HP: 61/62 MP: 6/6
  3947 | D:5      | Found a staircase to the Ecumenical Temple.
  5181 | D:6      | Reached skill level 8 in Axes
  5304 | D:6      | Reached skill level 5 in Armour
  5362 | D:6      | Reached XP level 8. HP: 63/71 MP: 7/7
  5743 | D:6      | Found an iron altar of Okawaru.
  5776 | D:6      | Mangled by an orc warrior

Illustrated notes

Levels and vault maps discovered:
D:1:      dpeg_arrival_round_c, layout_rooms, shapermc_ecumenical_altar_gd
D:2:      layout_loops_ring
D:3:      layout_basic, kennysheep_generic_room_6, uniq_sigmund
D:4:      layout_basic, nicolae_hepliaklqana_monster_ancestors
D:5:      layout_basic, minmay_temple_entry_butterflies
D:6:      layout_rooms, kennysheep_little_box, minmay_misc_feat_cross,
          kennysheep_cluttered_room

Skill      XL: |  1  2  3  4  5  6  7 |
---------------+----------------------+-----
Fighting       | 4 5 6 |  6.7
Axes           | 4 5 6 7 8 |  8.7
Armour         | 3 5 |  5.6
Dodging        | 3 4 |  4.2

Action                   |  1- 3 |  4- 6 |  7- 9 || total
-------------------------+-------+-------+-------++-------
Melee: Hand axe          |    64 |    72 |    83 ||   219
       Headbutt          |     6 |    11 |    18 ||    35
       War axe           |       |       |    14 ||    14
Invok: Berserk           |     1 |       |     1 ||     2
  Use: Scroll            |     4 |     8 |     2 ||    14
Armor: Animal skin       |     8 |       |       ||     8
       Leather armour    |    14 |       |       ||    14
       Ring mail         |     5 |    38 |    72 ||   115
Dodge: Dodged            |    60 |    56 |   102 ||   218

Table legend: (Time is in decaauts)
 A = Elapsed time spent in this place.
 B = Non-inter-level travel time spent in this place.
 C = Inter-level travel time spent in this place.
 D = Time resting spent in this place.
 E = Time spent auto-exploring this place.
 F = Levels seen in this place.
 G = Mean time per level.
                   A        B        C        D        E       F      G
               +--------+--------+--------+--------+--------+-----+--------+
         Total |   5793 |   5627 |    166 |    891 |   3793 |   6 |  965.5 |
       Dungeon |   5793 |   5627 |    166 |    891 |   3793 |   6 |  965.5 |
               +--------+--------+--------+--------+--------+-----+--------+

Top non-repeatable levels by time:
     D:5: 1378 daAuts
     D:4: 1176 daAuts
     D:3: 912 daAuts
     D:2: 831 daAuts
     D:1: 819 daAuts
     D:6: 675 daAuts
